 Dungeon Crawl Stone Soup version 0.20.0-6-gd3061e9 (webtiles) character file.

205 MDvedh the Chopper (level 5, 0/42 HPs)
             Began as a Hill Orc Warper on May 28, 2017.
             Slain by an ogre
             ... wielding a +0 giant club
              (24 damage)
             ... on level 4 of the Dungeon.
             The game lasted 00:04:28 (3522 turns).

MDvedh the Chopper (Hill Orc Warper)                Turns: 3522, Time: 00:04:28

Health: 0/42       AC:  9    Str: 15    XL:     5   Next: 83%
Magic:  7/7        EV: 11    Int: 13    God:
Gold:   66         SH:  0    Dex: 14    Spells: 5/7 levels left

rFire    . . .     SeeInvis .   a - +1 hand axe
rCold    . . .     Gourm    .   (no shield)
rNeg     . . .     Faith    .   r - +2 ring mail {rPois}
rPois    +         Spirit   .   b - +0 helmet
rElec    .         Reflect  .   (no cloak)
rCorr    .         Harm     .   t - +0 pair of gloves
MR       .....                  (no boots)
Stlth    +.........             (no amulet)
Regen    0.2/turn               (no ring)
MPRegen  0.1/turn               s - +4 ring of dexterity

@: no status effects
A: no striking features
a: no special abilities


You were on level 4 of the Dungeon.
You were hungry.

You visited 1 branch of the dungeon, and saw 4 of its levels.

You collected 66 gold pieces.

Inventory:

Hand Weapons
 a - a +1 hand axe (weapon)
Missiles
 e - 5 tomahawks of dispersal (quivered)
Armour
 b - a +0 helmet (worn)
 r - a +2 ring mail of poison resistance (worn)
 t - a +0 pair of gloves (worn)
Jewellery
 s - a +4 ring of dexterity (right hand)
Wands
 u - a wand of iceblast (9/15)
Scrolls
 d - a scroll of blinking
 g - 2 scrolls of teleportation
 l - a scroll of remove curse
 o - 2 scrolls of fog
 p - a scroll of random uselessness
 w - a scroll of identify
Potions
 h - a potion of berserk rage {unknown}
 i - a potion of curing
 j - a potion of lignification {unknown}
 k - a potion of magic {unknown}
 m - a potion of heal wounds
 v - a potion of flight {unknown}
Books
 c - a book of Spatial Translocations

   Spells                             Type                      Level
   a - Blink                          Translocation                2
   b - Shroud of Golubria             Charms/Translocation         2
   c - Lesser Beckoning               Translocation                3
   d - Gell's Gravitas                Translocation                3
   e - Teleport Other                 Translocation                3
   f - Passage of Golubria            Translocation                4
Comestibles
 f - 2 bread rations
 n - 3 royal jellies
 q - 3 fruits


   Skills:
 - Level 2.4 Fighting
 + Level 7.7 Axes
 - Level 0.8 Throwing
 - Level 1.1 Armour
 - Level 1.5 Dodging
 - Level 1.5 Spellcasting
 - Level 2.4 Translocations


You had 5 spell levels left.
You knew the following spells:

 Your Spells              Type           Power        Failure   Level  Hunger
a - Blink                 Tloc           N/A          30%         2    ###....


Dungeon Overview and Level Annotations

Branches:
Dungeon (4/15)
 Temple: D:4-7

Altars:


Message History

Found a stone staircase leading down.
An ogre comes into view. It is wielding a giant club.
The ogre shouts!
Okay, then.
You hit the ogre.
The ogre is lightly wounded.
The ogre barely misses you.
You slash the ogre!
The ogre is moderately wounded.
The ogre barely misses you.
You closely miss the ogre.
The ogre is moderately wounded.
You completely miss the ogre.
The ogre is moderately wounded.
The ogre hits you with a giant club!!
You hit the ogre.
The ogre is severely wounded.
The ogre hits you with a giant club!!
Ouch! That really hurt!
You die...

....).(..............##.# ...#
..##)########.##.....##.####...#
..##.#...............##.#......#
..##.#.######.##..........#....#
..........................>....#
..###..###.....#...............#
..# #..# #####.#.##.#.#.##...#
..# #..# #.........#.#.##...# #.#
##.# #.##@#.####.#.##...# #.# #.#
# #O#......#......# #.#
#.###.##.##.###########...# #.#
#........##.#.............# #.#
###.##.##. #.###.#########.##
#.###.........##.##..............
.........#........#..#########.##
#.###.#..# #.###..#..# #.# #.#
.)...... .. #..# #.#


You could see an ogre.

Vanquished Creatures
  Natasha (twice) (D:2)
  A worker ant (D:4)
  5 adders
  A worm (D:4)
  2 dart slugs (D:1)
  2 leopard geckos (D:3)
  7 orcs
  5 bats
  5 giant cockroaches
  5 goblins
  9 hobgoblins
  8 jackals
  6 kobolds
  2 quokkas
  2 frilled lizards
  7 rats
69 creatures vanquished.

Notes
Turn   | Place    | Note
-------+----------+-------------------------------------------
     0 | D:1      | MDvedh the Hill Orc Warper began the quest for the Orb.
     0 | D:1      | Reached XP level 1. HP: 18/18 MP: 3/3
    11 | D:1      | Reached skill level 3 in Axes
   195 | D:1      | Reached XP level 2. HP: 24/25 MP: 4/4
   464 | D:1      | Reached skill level 4 in Axes
   914 | D:1      | Reached XP level 3. HP: 29/30 MP: 5/5
  1330 | D:2      | Learned a level 2 spell: Blink
  1397 | D:2      | Reached skill level 5 in Axes
  2037 | D:2      | Reached XP level 4. HP: 33/37 MP: 6/6
  2144 | D:2      | Noticed Natasha
  2155 | D:2      | Killed Natasha
  2155 | D:2      | Reached skill level 6 in Axes
  2306 | D:2      | Noticed Natasha
  2313 | D:2      | Killed Natasha
  2313 | D:2      | Reached XP level 5. HP: 38/42 MP: 7/7
  2473 | D:3      | Reached skill level 7 in Axes
  3512 | D:4      | Noticed an ogre
  3522 | D:4      | Slain by an ogre

Skill      XL: |  1  2  3  4  5 |
---------------+----------------+-----
Axes           | 3 4 5 6 7 |  7.7
Fighting       | |  2.4
Throwing       | |  0.8
Armour         | |  1.1
Dodging        | |  1.5
Spellcasting   | |  1.5
Translocations | |  2.4

Action                   |  1- 3 |  4- 6 || total
-------------------------+-------+-------++-------
Melee: Hand axe          |   160 |   163 ||   323
  Use: Scroll            |       |     9 ||     9
  Eat: Chunk             |     3 |     5 ||     8
Armor: Leather armour    |    48 |     2 ||    50
       Ring mail         |       |    73 ||    73
Dodge: Dodged            |   106 |    96 ||   202
